 Dungeon Crawl Stone Soup version 0.30-a0-1161-g0704695555 (webtiles) character file.

Game seed: 7120314671742145356

1784069 Lobster4 the Devastator (level 27, 200/222 HPs)
             Began as a Human Conjurer on Apr 26, 2023.
             Was the Champion of Vehumet.
             Escaped with the Orb
             ... and 4 runes on Apr 28, 2023!
             The game lasted 06:24:15 (117912 turns).

Lobster4 the Devastator (Human Conjurer)          Turns: 117912, Time: 06:24:16

Health: 200/222    AC: 16    Str: 15    XL:     27
Magic:  49/49      EV: 20    Int: 38    God:    Vehumet [******]
Gold:   6309       SH:  5    Dex: 15    Spells: 2/62 levels left

rFire   + . .        a - staff of conjuration
rCold   + + .        O - crystal ball of Wucad Mu {*channel}
rNeg    + + +        Q - +3 leather armour {rC+ rF+}
rPois   +            L - +1 helmet of Henotheism {Int+3 Slay+2}
rElec   +            y - +2 cloak {rPois}
rCorr   +            T - +1 pair of gloves "Deidag" {rC- rN+ Str+3 Dex+2}
SInv    .            Y - +1 pair of boots "Sinomorche" {rElec rF+}
Will    ++...        n - amulet of reflection
Stlth   +            A - ring "Ystucwoo" {rPois rC+}
HPRegen 0.57/turn    k - ring of Koujuqargh {+Blink rF- rN++ rCorr Int+6}
MPRegen 0.31/turn

%: reflection, clarity, channel magic (40%)
@: no status effects
A: clarity, clever 1, cold resistance 1, deformed body, high MP 1
0: Orb of Zot
}: 4/15 runes: decaying, serpentine, slimy, silver
a: Renounce Religion, Evoke Blink


You escaped.
You worshipped Vehumet.
Vehumet was exalted by your worship.
You visited 12 branches of the dungeon, and saw 56 of its levels.
You also visited: Trove, Sewer, Gauntlet, Ice Cave and Desolation.

You collected 10572 gold pieces.
You spent 4263 gold pieces at shops.

Inventory:

Hand Weapons
 h - the +9 sling "Jor Jasuzics" {flame, rC+ Str+2}
   (You found it in the Desolation of Salt)

   Str:       It affects your strength (+2).
   rC:        It protects you from cold.
 W - a +9 trishula of holy wrath
Missiles
 V - 4 curare-tipped darts
Armour
 l - a +2 robe of the Archmagi
 y - a +2 cloak of poison resistance (worn)
 L - the +1 helmet of Henotheism (worn) {Int+3 Slay+2}
   (You found it in a Gauntlet)

   Int:       It affects your intelligence (+3).
   Slay:      It affects your accuracy & damage with ranged weapons and melee
   (+2).
 O - the crystal ball of Wucad Mu (worn) {*channel}
   (You found it on level 5 of the Vaults)

   *Channel:  It often returns the magic spent to cast spells, but lowers their
   success rate.
   It always returns the magic spent on miscasts.
 P - a +2 kite shield of reflection
 Q - a +3 leather armour of resistance (worn)
 R - a +2 cloak of preservation
 T - the +1 pair of gloves "Deidag" (worn) {rC- rN+ Str+3 Dex+2}
   (You found it on level 5 of the Lair of Beasts)

   Str:       It affects your strength (+3).
   Dex:       It affects your dexterity (+2).
   rC:        It makes you vulnerable to cold.
   rN:        It protects you from negative energy.
 Y - the +1 pair of boots "Sinomorche" (worn) {rElec rF+}
   (You found it on level 2 of the Vaults)

   rF:        It protects you from fire.
   rElec:     It insulates you from electricity.
Magical Staves
 a - a staff of conjuration (weapon)
Jewellery
 k - the ring of Koujuqargh (right hand) {+Blink rF- rN++ rCorr Int+6}
   (You took it off a deep elf demonologist on level 3 of the Elven Halls)

   [ring of intelligence]

   Int:       It affects your intelligence (+6).
   rF:        It makes you vulnerable to fire.
   rN:        It greatly protects you from negative energy.
   +Blink:    It lets you blink.
   rCorr:     It protects you from acid and corrosion.
 n - an amulet of reflection (around neck)
 w - the ring "Deryux" {rC+ Str+6 Int+3 Dex+5}
   (You found it on level 2 of the Vaults)

   [ring of protection from cold]

   Str:       It affects your strength (+6).
   Int:       It affects your intelligence (+3).
   Dex:       It affects your dexterity (+5).
   rC:        It protects you from cold.
 A - the ring "Ystucwoo" (left hand) {rPois rC+}
   (You bought it in a shop on level 2 of the Vaults)

   [ring of poison resistance]

   rC:        It protects you from cold.
   rPois:     It protects you from poison.
 E - the ring of Grace {Wiz Will+ Dex+6}
   (You found it in the Desolation of Salt)

   [ring of wizardry]

   It improves your spell success rate.
   Dex:       It affects your dexterity (+6).
   Will:      It increases your willpower.
 U - the ring of Veafoedi {rF+ rC- Int+5 SInv}
   (You found it on level 2 of the Snake Pit)

   [ring of protection from fire]

   Int:       It affects your intelligence (+5).
   rF:        It protects you from fire.
   rC:        It makes you vulnerable to cold.
   SInv:      It lets you see invisible.
 Z - the amulet "Efoteafuck" {Regen+ Int+6}
   (You bought it in a shop on level 3 of the Snake Pit)

   [amulet of regeneration]

   Int:       It affects your intelligence (+6).
   Regen:     It increases your rate of health regeneration.
Wands
 e - a wand of acid (23)
 q - a wand of iceblast (77)
 C - a wand of digging (23)
 F - a wand of flame (122) (quivered)
 J - a wand of mindburst (82)
Scrolls
 b - 4 scrolls of fog
 d - a scroll of summoning
 g - 7 scrolls of fear
 j - 16 scrolls of teleportation
 s - a scroll of acquirement
 x - 2 scrolls of magic mapping
 H - 6 scrolls of poison
 K - 3 scrolls of silence
 M - 5 scrolls of blinking
 S - 8 scrolls of immolation
Potions
 c - 4 potions of invisibility
 m - 12 potions of mutation
 o - 6 potions of brilliance
 p - 7 potions of resistance
 r - 10 potions of lignification
 t - 25 potions of curing
 u - 3 potions of haste
 v - 5 potions of flight
 z - 9 potions of might
 B - 4 potions of heal wounds
 D - 3 potions of cancellation
 G - 4 potions of magic
 N - 3 potions of berserk rage
 X - 4 potions of ambrosia
Miscellaneous
 f - a tin of tremorstones (2/2)
 i - a lightning rod (3/4)
 I - a phantom mirror (inert)


   Skills:
 + Level 19.6 Fighting
 - Level 4.0 Short Blades
 + Level 11.7(13.0) Polearms
 - Level 9.4(11.9) Staves
 - Level 9.0 Ranged Weapons
 - Level 3.0 Throwing
 - Level 10.0 Armour
 + Level 16.1 Dodging
 - Level 7.0 Stealth
 - Level 12.0 Shields
 + Level 18.3 Spellcasting
 + Level 19.9 Conjurations
 + Level 7.5 Necromancy
 - Level 5.0 Translocations
 + Level 19.0 Fire Magic
 + Level 19.0 Air Magic
 + Level 11.3 Earth Magic
 - Level 8.0 Evocations


You had 2 spell levels left.
You knew the following spells:

 Your Spells              Type           Power      Damage    Failure   Level
a - Magic Dart            Conj           100%       1d8       1%          1
b - Plasma Beam           Fire/Air       54%        2x1d76    1%          6
c - Iron Shot             Conj/Erth      62%        9d12      1%          6
d - Orb of Destruction    Conj           68%        9d16      1%          7
e - Lee's Rapid Deconstr  Erth           44%        3d21*     1%          5
f - Fireball              Conj/Fire      67%        3d25      1%          5
g - Arcjolt               Conj/Air       67%        1d77      1%          5
h - Iskenderun's Mystic   Conj/Tloc      100%       2d19      1%          4
i - Blink                 Tloc           100%       N/A       2%          2
j - Swiftness             Air            100%       N/A       1%          3
k - Ignition              Fire           54%        3d15      2%          8
l - Stone Arrow           Conj/Erth      100%       3d13      1%          3
m - Borgnjor's Vile Clut  Necr/Erth      41%        N/A       3%          5

Your spell library contained the following spells:

 Spells                   Type           Power      Damage    Failure   Level
 Fire Storm               Conj/Fire      67%        8d17      17%         9
 Apportation              Tloc           100%       N/A       1%          1
 Foxfire                  Conj/Fire      100%       2x1d9     1%          1
 Freeze                   Ice            100%       1d10      1%          1
 Kiss of Death            Conj/Necr      100%       2d13      1%          1
 Sandblast                Erth           100%       2d20      1%          1
 Shock                    Conj/Air       100%       1d9       1%          1
 Cigotuvi's Dreadful Rot  Necr/Pois/Air  100%       N/A       1%          2
 Momentum Strike          Conj/Tloc      100%       3d10      1%          2
 Passwall                 Tmut/Erth      55%        N/A       1%          2
 Poisonous Vapours        Pois/Air       100%       N/A       1%          2
 Searing Ray              Conj           100%       2d8       1%          2
 Sublimation of Blood     Necr           75%        N/A       1%          2
 Lesser Beckoning         Tloc           100%       N/A       2%          2
 Slow                     Hex            100%       N/A       5%          1
 Sting                    Tmut/Pois      100%       1d8       5%          1
 Summon Small Mammal      Summ           100%       N/A       5%          1
 Call Imp                 Summ           68%        N/A       7%          2
 Ensorcelled Hibernation  Hex/Ice        68%        N/A       7%          2
 Dazzling Flash           Conj/Hex       100%       N/A       1%          3
 Hailstorm                Conj/Ice       100%       3d20      1%          3
 Ignite Poison            Fire/Tmut/Pois 70%        N/A       1%          3
 Inner Flame              Hex/Fire       82%        N/A       1%          3
 Vampiric Draining        Necr           75%        2d11      1%          3
 Vhi's Electric Charge    Tloc/Air       100%       N/A       1%          3
 Volatile Blastmotes      Fire/Tloc      100%       2d18      1%          3
 Airstrike                Air            54%        2d(8-24)  1%          4
 Flame Wave               Conj/Fire      100%       2d21      1%          4
 Fulminant Prism          Conj/Hex       52%        3d23      1%          4
 Sticky Flame             Conj/Fire      100%       2d11      1%          4
 Freezing Cloud           Conj/Ice/Air   58%        6-21      1%          5
 Irradiate                Conj/Tmut      52%        3d29      1%          5
 Iskenderun's Battlesphe  Conj           100%       2d15      1%          5
 Conjure Ball Lightning   Conj/Air       67%        3x3d25    1%          6
 Starburst                Conj/Fire      67%        6d17      1%          6
 Maxwell's Capacitive Co  Air            54%        ∞         2%          8
 Frozen Ramparts          Ice            68%        1d11      3%          3
 Gell's Gravitas          Tloc           64%        N/A       3%          3
 Teleport Other           Tloc           64%        N/A       3%          3
 Animate Dead             Necr           75%        N/A       3%          4
 Dispel Undead            Necr           75%        3d25      3%          4
 Silence                  Hex/Air        41%        N/A       3%          5
 Portal Projectile        Hex/Tloc       100%       N/A       5%          3
 Animate Armour           Summ/Erth      100%       N/A       5%          4
 Leda's Liquefaction      Hex/Erth       33%        N/A       5%          4
 Petrify                  Tmut/Erth      67%        N/A       5%          4
 Manifold Assault         Tloc           64%        N/A       6%          4
 Passage of Golubria      Tloc           64%        N/A       6%          4
 Agony                    Necr           75%        N/A       6%          5
 Olgreb's Toxic Radiance  Pois           34%        N/A       7%          4
 Lehudib's Crystal Spear  Conj/Erth      62%        10d14     7%          8
 Anguish                  Hex/Necr       29%        N/A       9%          4
 Call Canine Familiar     Summ           34%        N/A       11%         3
 Confusing Touch          Hex            34%        N/A       11%         3
 Spider Form              Tmut/Pois      34%        N/A       11%         3
 Summon Guardian Golem    Hex/Summ       34%        N/A       11%         3
 Tukima's Dance           Hex            34%        N/A       11%         3
 Yara's Violent Unravell  Hex/Tmut       17%        3d8       16%         5
 Chain Lightning          Conj/Air       67%        3d89      17%         9
 Death Channel            Necr           37%        N/A       19%         6
 Ice Form                 Ice/Tmut       34%        N/A       26%         4
 Summon Ice Beast         Ice/Summ       34%        N/A       26%         4
 Statue Form              Tmut/Erth      44%        N/A       34%         6
 Storm Form               Tmut/Air       41%        N/A       36%         7
 Alistair's Intoxication  Tmut/Pois      22%        N/A       50%         5
 Blade Hands              Tmut           17%        N/A       50%         5
 Metabolic Englaciation   Hex/Ice        17%        N/A       50%         5
 Eringya's Noxious Bog    Tmut/Pois      17%        N/A       52%         6
 Simulacrum               Ice/Necr       29%        N/A       54%         6
 Ozocubu's Refrigeration  Ice            17%        4d11      95%         7
 Haunt                    Necr/Summ      29%        N/A       96%         7
 Borgnjor's Revivificati  Necr           37%        N/A       99%         8
 Infestation              Necr           37%        N/A       99%         8
 Enfeeble                 Hex            17%        N/A       100%        7
 Discord                  Hex            17%        N/A       100%        8
 Disjunction              Tloc           32%        N/A       100%        8
 Summon Horrible Things   Summ           17%        N/A       100%        8
 Death's Door             Necr           37%        N/A       100%        9
 Polar Vortex             Ice            17%        N/A       100%        9


Dungeon Overview and Level Annotations

Branches:
Dungeon (15/15)            Temple (0/1) D:5            Lair (5/5) D:8
  Swamp (4/4) Lair:3        Snake (4/4) Lair:2        Slime (5/5) Lair:4
    Orc (2/2) D:10            Elf (3/3) Orc:2        Vaults (5/5) D:13
  Crypt (3/3) Vaults:3       Tomb (1/3) Crypt:3      Depths (4/4) D:15
    Zot (5/5) Depths:4      Sewer (visited)           IceCv (visited)
Desolation (visited)      Gauntlet (visited)

Altars:
Ashenzari
Dithmenos
Elyvilon
Gozag
Hepliaklqana
Kikubaaqudgha
Makhleb
Nemelex Xobeh
Okawaru
Qazlal
Ru
Sif Muna
Trog
Uskayaw
Vehumet
Xom
Yredelemnul
Zin
The Shining One
Jiyva

Shops:
D:1 (   D:2 [   D:4 (   Orc:1 (   Orc:2 ((*?   Elf:1 (*   Elf:3 [   Snake:3 =
Vaults:2 =   Vaults:3 ?   Vaults:4 :   Vaults:5 ==!!

Portals:
Hell: Depths:1 Depths:2 Depths:3 Depths:4
Abyss: Depths:3 Depths:4
Pandemonium: Depths:2
Ziggurat: Depths:1

Annotations:
D:14 Louise
D:15 1 runed translucent door
Depths:4 Vv
Zot:4 2 transporters


Innate Abilities, Weirdness & Mutations

You possess an exceptional clarity of mind.
Your mind is acute. (Int +4, Str/Dex -1)
Your flesh is cold resistant. (rC+)
Armour fits poorly on your strangely shaped body.
You have an increased reservoir of magic. (+10% MP)


Message History

Casting: Iron Shot (mildly dangerous; 1% risk of failure)
Confirm with . or Enter, or press ? or * to list all spells.
You can't see any susceptible monsters within range! (Use Z to cast anyway.)
Casting: Iron Shot (mildly dangerous; 1% risk of failure)
Confirm with . or Enter, or press ? or * to list all spells.
Aiming: Orb of Destruction (mildly dangerous; 1% risk of failure)
Press: ? - help, Shift-Dir - straight line, f - green death
Aim: a green death You feel a surge of power!
The green death gestures at you. The poison arrow hits you!
You are poisoned.
You partially resist.
Casting: Orb of Destruction (mildly dangerous; 1% risk of failure)
Confirm with . or Enter, or press ? or * to list all spells.
Aiming: Orb of Destruction (mildly dangerous; 1% risk of failure)
Press: ? - help, Shift-Dir - straight line, f/p - green death
Aim: a green death (ally target)
You feel a surge of power! Magical energy flows into your mind!
You feel very sick.
You feel sick.
The orb of destruction hits the green death!!!
The green death is severely wounded.
The orb of destruction hits the green death!!!!
You blow up the green death!
Vehumet accepts your kill.
You feel your power returning.
You feel sick.
You feel sick.
You feel sick.
You feel sick.
Aiming: Dig
Press: ? - help, Shift-Dir - straight line A translucent rock wall.
This square is covered in magical glow.
The rock shatters into small pieces.
You feel sick.
You feel sick.
You are no longer poisoned.
There is a staircase leading out of the dungeon here.
You have escaped!

..............####...##.....# #.
..........##### ##...#.....# #.
..........# #.#.#.....####.
..........### #..............
............#########............
.............#######.....###.....
...................#.##..########
########...##..###.#.##..........
##..##.#.@#.#.##...)......
##.##.#..#.#.##..........
#.##.#.#..#.##..........
#.##.#....#.##..........
#.##.#####..##..........
#.......................
#...########............
###############.........
#.........


There were no monsters in sight!

Vanquished Creatures
  the Royal Jelly (Slime:5)
  6 orbs of fire
  3 dread liches
  Mennas (Tomb:1)
  An ancient lich (Zot:5)
  2 royal mummies
  the Lernaean hydra (Swamp:4)
  4 Killer Klowns
  A curse toe (Zot:5)
  A bone dragon (Depths:2)
  14 golden dragons
  Jory (Vaults:5)
  Nikola (Elf:3)
  A Brimstone Fiend (D:8)
  The ghost of Waeduil the Severer, an adept DsBe of Trog (Elf:3)
  2 electric golems (Zot:5)
  4 liches
  11 tentacled monstrosities
  Jorgrun (Elf:1)
  Zenata (Vaults:2)
  2 walking crystal tomes
  Asterion (Elf:1)
  2 deep elf blademasters
  An Ice Fiend (Zot:4)
  26 Orb Guardians
  A shard shrike skeleton (Crypt:2)
  A walking earthen tome (Depths:3)
  6 titans
  11 quicksilver dragons
  2 deep elf master archers (Elf:3)
  21 acid blobs
  3 ancient champions (Crypt:2)
  An Executioner (Depths:4)
  Frances (Swamp:2)
  10 death cobs
  13 sphinxes
  6 tengu reavers
  13 shadow dragons
  2 thorn hunters
  3 fenstrider witches
  14 storm dragons
  5 nagarajas (Snake:4)
  Roxanne (Snake:4)
  A revenant (Crypt:3)
  18 rockslimes
  7 fire giants
  3 draconian knights (Zot:4)
  An azure jelly (shapeshifter) (Vaults:5)
  5 draconian monks
  A juggernaut zombie (Crypt:2)
  16 vault wardens
  An imperial myrmidon (Desolation)
  4 deep elf sorcerers
  8 frost giants
  12 azure jellies
  7 draconian scorchers
  3 balrugs
  2 iron dragons
  5 ghost moths
  The ghost of patfeehan111222 the Cleaver, a journeyman DsBe of Trog (Snake:2)
  8 draconian shifters
  Aizul (Crypt:1)
  3 draconian annihilators
  5 deep elf elementalists (Elf:3)
  13 quicksilver oozes
  6 draconian stormcallers
  A demonspawn corrupter (Depths:4)
  2 reapers (Crypt:3)
  3 curse skulls
  19 stone giants
  2 angels (Vaults:4)
  8 ghouls
  2 orc warlords
  16 ironbound preservers
  2 spriggan defenders (Depths:4)
  26 very ugly things
  7 ironbound thunderhulks
  A lorocyproca (D:5)
  19 green draconians
  16 purple draconians
  7 white draconians
  6 bunyips
  2 eleionomae
  Azrael (D:12)
  11 black draconians
  A minotaur (Gauntlet)
  10 deep elf annihilators
  8 deep elf demonologists
  8 spark wasps
  4 halazid warlocks (Desolation)
  2 blizzard demons
  12 yellow draconians
  5 deep elf death magi
  A green death (D:1)
  15 dire elephants
  15 red draconians
  5 eidola
  12 mummy priests
  2 crystal guardians (Desolation)
  14 yaktaur captains
  12 jiangshi
  13 ettins
  10 deep elf high priests
  6 fire dragons
  17 ragged hierophants (Desolation)
  2 shambling mangroves
  35 vault guards
  10 great orbs of eyes
  7 rakshasas
  An entropy weaver (Vaults:5)
  3 servants of whispers (Desolation)
  A quicksilver dragon skeleton (Crypt:2)
  10 peacekeepers
  11 ice dragons
  The ghost of spedboy43 the Carver, a journeyman HuMo of the Shining One (Lair:1)
  2 salamander tyrants
  A hell beast (Depths:1)
  A merfolk avatar (Lair:5)
  4 spriggan air magi
  4 spriggan skeletons (Crypt:2)
  9 centaur warriors
  2 ghost crabs (Swamp:4)
  13 anacondas
  16 hydras
  Erica (Orc:1)
  2 fenstrider witch skeletons (Crypt:2)
  9 ironbound frosthearts
  30 dancing weapons
  2 two-headed ogres
  The ghost of Sleet the Cleaver, a novice MiFi of Okawaru (D:9)
  2 ogre magi (Vaults:5)
  3 death knights
  8 naga warriors
  14 tengu warriors
  5 deep troll shamans
  26 death yaks
  8 alligators
  4 boulder beetles
  4 orc high priests
  10 deep troll earth magi
  7 vampire magi
  8 hell hogs
  The ghost of Juicyj the Cleaver, a novice MiFi (D:10)
  8 shock serpents
  5 naga sharpshooters
  Urug (Lair:5)
  12 spriggan berserkers
  A titan zombie (Depths:3)
  A hell knight (Depths:3)
  4 sun demons
  A titan skeleton (Crypt:2)
  6 soul eaters
  31 skeletal warriors
  23 deep elf knights
  A skyshark (Lair:5)
  6 goliath frogs
  10 iron trolls
  4 salamander mystics
  2 shadow wraiths
  A storm dragon skeleton (Crypt:2)
  7 glowing orange brains
  3 flayed ghosts (Crypt:3)
  A quicksilver dragon simulacrum (Depths:2)
  A spark wasp zombie (Crypt:1)
  16 bog bodies
  24 ironbound convokers
  9 deep elf archers
  2 spriggan druids
  41 deep trolls
  A tengu zombie (Depths:2)
  10 swamp dragons
  A shadow demon (Depths:4)
  13 wizards
  An anaconda skeleton (Crypt:2)
  A sphinx zombie (Depths:3)
  10 naga ritualists
  9 lindwurms
  2 bunyip skeletons (Crypt:2)
  4 orc knights
  12 phantasmal warriors
  7 necromancers
  20 deep elf zephyrmancers
  8 harpies
  39 deep elf pyromancers
  A manticore (shapeshifter) (Vaults:4)
  An oklob plant (Lair:5)
  2 fauns (shapeshifter) (Vaults:5)
  15 mana vipers
  43 ugly things
  A human zombie (Vaults:1)
  7 orc sorcerers
  20 moths of wrath
  5 shining eyes
  2 will-o-the-wisps (Swamp:3)
  6 cyclopes
  12 elephants
  A sphinx skeleton (Vaults:1)
  A shadow dragon skeleton (Depths:2)
  A moth of wrath (shapeshifter) (Depths:2)
  3 stone giant skeletons (Crypt:2)
  11 salamanders
  9 guardian serpents
  2 ice statues
  A jorogumo skeleton (Crypt:2)
  13 vault sentinels
  58 black mambas
  20 naga magi
  2 torpor snails
  3 spectral iron trolls (Crypt:3)
  13 cane toads
  3 eyes of devastation
  A storm dragon simulacrum (D:15)
  27 yaktaurs
  A centaur skeleton (Crypt:2)
  3 efreet
  An unseen horror zombie (Crypt:2)
  An alligator snapping turtle skeleton (Crypt:3)
  A hellion (Depths:4)
  8 komodo dragons
  A death yak zombie (Crypt:1)
  2 kobold demonologists
  A cane toad (shapeshifter) (Elf:3)
  6 freezing wraiths
  9 rime drakes
  A golden dragon simulacrum (Depths:3)
  5 tengu conjurers
  An ice devil (Depths:2)
  A purple draconian skeleton (Crypt:3)
  7 trolls
  2 spectral deep trolls (Crypt:3)
  5 bloated husks
  38 guardian mummies
  8 polar bears
  A wind drake (Lair:5)
  A mana viper skeleton (Crypt:1)
  7 tyrant leeches
  11 hornets
  An iron troll skeleton (Crypt:1)
  68 saltlings (Desolation)
  2 harpy skeletons
  A dream sheep (shapeshifter) (D:15)
  A death drake skeleton (Crypt:2)
  7 blink frogs
  160 slime creatures
  An ettin zombie (Vaults:3)
  4 dream sheep (Lair:4)
  18 flying skulls
  3 shadows
  2 ettin skeletons
  A jumping spider (shapeshifter) (D:14)
  An air elemental (Elf:3)
  A vampire (D:10)
  4 spriggans
  11 wraiths
  A yak (shapeshifter) (Vaults:5)
  A ynoxinul (D:15)
  A human (shapeshifter) (D:13)
  11 ushabtiu
  4 black mamba skeletons
  4 water elementals
  68 yaks
  6 golden eyes (Elf:3)
  6 wyverns
  A steam dragon (D:8)
  4 fire elementals
  7 fire bats
  A chaos spawn (D:9)
  5 basilisks
  5 vampire mosquitoes
  53 nagas
  9 swamp worms
  3 acid dragons
  A glowing shapeshifter zombie (Vaults:3)
  5 naga skeletons (Crypt:2)
  5 wargs
  10 water moccasins
  An entropy weaver zombie (Crypt:2)
  4 hell hounds
  26 orc warriors
  A fire bat skeleton (Crypt:2)
  2 glowing shapeshifter skeletons
  A black bear (shapeshifter) (Vaults:2)
  An ettin simulacrum (Depths:2)
  9 swamp drakes
  A sky beast (D:8)
  A deep troll simulacrum (Vaults:1)
  2 ice beasts
  2 black bears (D:5)
  6 ogres
  A boggart (Vaults:1)
  25 wolves
  9 centaurs
  A torpor snail zombie (Crypt:3)
  A swamp dragon skeleton (Crypt:2)
  A phantom (D:6)
  5 kobold brigands
  12 bullfrogs
  An elf zombie (Crypt:3)
  3 necrophages
  4 scorpions
  2 earth elementals
  An ogre simulacrum (Vaults:4)
  3 gnoll sergeants
  6 wights
  A water moccasin skeleton (Crypt:1)
  3 killer bees
  5 howler monkeys
  A shapeshifter skeleton (Crypt:3)
  11 electric eels
  A troll skeleton (Crypt:1)
  8 hounds
  2 gnoll boudas
  15 orc priests
  4 jellies (Sewer)
  2 iguanas
  20 orc wizards
  13 mummies
  18 gnolls
  12 adders
  3 river rats
  An ufetubus (D:6)
  2 worms
  2 dart slugs
  58 orcs
  A bat skeleton (Crypt:2)
  10 endoplasms
  5 giant cockroaches
  6 hobgoblins
  5 quokkas
  15 ball pythons
  9 bats
  3 frilled lizards
  2 goblins
  A hobgoblin skeleton (Crypt:3)
  23 kobolds
  8 rats
  A river rat skeleton (Crypt:1)
  A bush (Elf:2)
  A butterfly (D:5)
2603 creatures vanquished.

Vanquished Creatures (collateral kills)
  A dread lich (Vaults:5)
  A golden dragon (Vaults:5)
  2 titans (Vaults:5)
  A sphinx (Vaults:5)
  A vault warden (Vaults:5)
  A curse skull (Crypt:2)
  2 stone giants (Vaults:5)
  A very ugly thing (Vaults:5)
  A ragged hierophant (Desolation)
  A hydra (Lair:2)
  A spriggan air mage (Depths:2)
  A spriggan skeleton (Crypt:2)
  A deep troll earth mage (Vaults:5)
  2 iron trolls (Vaults:5)
  A glowing orange brain (shapeshifter) (Vaults:5)
  A phantasmal warrior (Vaults:5)
  An ironbound convoker (Vaults:5)
  A dire elephant skeleton (Crypt:2)
  3 saltlings (Desolation)
24 creatures vanquished.

Vanquished Creatures (others)
  A tentacled monstrosity (Zot:2)
  A storm dragon (Zot:2)
  A draconian annihilator (Zot:2)
  A yellow draconian (Zot:2)
  An alligator (Swamp:2)
  A tengu warrior (Depths:2)
  A shadow wraith (Depths:2)
  A quicksilver dragon simulacrum (Depths:2)
  A moth of wrath (Zot:2)
  A bloated husk (Swamp:3)
  A saltling (Desolation)
  4 ettin simulacra (Depths:2)
  A bush (Lair:2)
  34 foxfires
  76 fungi
  121 plants
247 creatures vanquished.

Grand Total: 2874 creatures vanquished

Notes
Turn   | Place    | Note
-------+----------+-------------------------------------------
     0 | D:1      | Lobster4 the Human Conjurer began the quest for the Orb.
     0 | D:1      | Reached XP level 1. HP: 13/13 MP: 3/3
   249 | D:1      | Reached XP level 2. HP: 19/19 MP: 1/5
   775 | D:1      | Found Huhemal's Weapon Shoppe.
  1062 | D:2      | Reached XP level 3. HP: 25/25 MP: 3/6
  1116 | D:2      | Learned a level 2 spell: Searing Ray
  1120 | D:2      | Learned a level 3 spell: Vhi's Electric Charge
  1147 | D:2      | Found a faded altar of an unknown god.
  1618 | D:2      | Found a radiant altar of Vehumet.
  1622 | D:2      | Reached skill level 1 in Fighting
  1626 | D:2      | Became a worshipper of Vehumet
  1694 | D:2      | Found Gozootyn's Armour Boutique.
  1913 | D:2      | Reached XP level 4. HP: 32/32 MP: 2/7
  2121 | D:2      | Reached skill level 1 in Armour
  2596 | D:3      | Reached skill level 1 in Air Magic
  2750 | D:3      | Reached XP level 5. HP: 37/37 MP: 2/8
  2763 | D:3      | Reached skill level 1 in Translocations
  3474 | D:3      | Reached * piety under Vehumet
  3474 | D:3      | Offered knowledge of Foxfire by Vehumet.
  3559 | D:3      | Learned a level 1 spell: Foxfire
  3728 | D:4      | Found Kioroo's Antique Weapon Shoppe.
  3854 | D:4      | Found a glowing drain.
  3967 | D:4      | Noticed an ogre
  3969 | Sewer    | Entered a sewer
  4156 | Sewer    | Reached XP level 6. HP: 43/43 MP: 4/9
  4217 | Sewer    | Reached skill level 1 in Evocations
  4351 | Sewer    | Reached skill level 1 in Throwing
  4529 | Sewer    | Found a viscous altar of Jiyva.
  4666 | D:4      | Killed an ogre
  4667 | D:4      | Reached skill level 1 in Fire Magic
  4667 | D:4      | Reached XP level 7. HP: 49/49 MP: 4/11
  5549 | D:5      | Entered Level 5 of the Dungeon
  5597 | D:5      | Found a staircase to the Ecumenical Temple.
  5699 | D:5      | Found a shimmering blue altar of Sif Muna.
  5701 | D:5      | Found a sparkling altar of Nemelex Xobeh.
  5706 | D:5      | Found a sacrificial altar of Ru.
  5869 | D:5      | Offered knowledge of Freeze by Vehumet.
  5905 | D:5      | Reached ** piety under Vehumet
  6152 | D:5      | Reached XP level 8. HP: 35/56 MP: 2/12
  6925 | D:5      | Reached skill level 5 in Fighting
  6925 | D:5      | Reached skill level 5 in Armour
  6925 | D:5      | Reached skill level 5 in Dodging
  6925 | D:5      | Reached skill level 5 in Spellcasting
  6925 | D:5      | Reached XP level 9. HP: 68/68 MP: 13/16
  7655 | D:6      | Reached skill level 5 in Air Magic
  7762 | D:6      | Offered knowledge of Frozen Ramparts by Vehumet.
  7770 | D:6      | Reached XP level 10. HP: 74/74 MP: 8/18
  8448 | D:7      | Reached *** piety under Vehumet
  8517 | D:7      | Identified the +3 scale mail "Tiakkic" {-Cast rElec rCorr
                  | Dex+9}
  8849 | D:8      | Reached skill level 5 in Fire Magic
  9034 | D:8      | Found a staircase to the Lair.
  9440 | D:8      | Offered knowledge of Inner Flame by Vehumet.
  9510 | D:8      | Identified the +4 quarterstaff "Beetlebane" {flame, Str+5}
  9536 | D:8      | Identified the +0 ring mail "Wimeapys" {+Inv}
  9703 | D:7      | Reached skill level 1 in Short Blades
 10575 | D:9      | Reached XP level 11. HP: 44/81 MP: 8/19
 10719 | D:9      | Reached XP level 12. HP: 89/89 MP: 19/22
 10797 | D:9      | Reached **** piety under Vehumet
 11033 | D:9      | Offered knowledge of Lee's Rapid Deconstruction by Vehumet.
 11040 | D:9      | Learned a level 5 spell: Lee's Rapid Deconstruction
 11245 | D:9      | Identified the +5 war axe of Expedience {freeze, *Slow
                  | Int+5 Dex+4}
 11527 | D:9      | Found a runed translucent gate.
 11528 | D:9      | Found a runed translucent gate.
 11529 | D:9      | Found a runed translucent gate.
 11533 | D:9      | Noticed Sleet's ghost (novice MiFi)
 11563 | D:9      | Reached skill level 1 in Earth Magic
 11739 | D:10     | Entered Level 10 of the Dungeon
 11921 | D:10     | Found a staircase to the Orcish Mines.
 12217 | D:10     | Found a runed translucent gate.
 12218 | D:10     | Found a runed translucent gate.
 12218 | D:10     | Found an opulent altar of Gozag.
 12219 | D:10     | Found a runed translucent gate.
 12264 | D:10     | Found a hide-covered altar of Uskayaw.
 12273 | D:10     | Found a hazy altar of Hepliaklqana.
 12273 | D:10     | Found an opulent altar of Gozag.
 12284 | D:10     | Found a burning altar of Makhleb.
 12286 | D:10     | Found a radiant altar of Vehumet.
 12318 | D:10     | Noticed Juicyj's ghost (novice MiFi)
 12502 | D:10     | Identified the +7 short sword "Eficuf" {elec, rElec}
 12940 | D:10     | Learned a level 5 spell: Arcjolt
 13022 | Lair:1   | Entered Level 1 of the Lair of Beasts
 13022 | Lair:1   | Found a runed translucent gate.
 13022 | Lair:1   | Found a runed translucent gate.
 13022 | Lair:1   | Found a runed translucent gate.
 13028 | Lair:1   | Noticed spedboy43's ghost (journeyman HuMo)
 13113 | Lair:1   | Reached skill level 5 in Translocations
 14389 | Lair:1   | Noticed a death yak
 14480 | Lair:1   | Reached XP level 13. HP: 97/98 MP: 8/24
 15114 | Lair:2   | Learned a level 3 spell: Stone Arrow
 15154 | Lair:2   | Reached ***** piety under Vehumet
 15194 | Lair:2   | Offered knowledge of Flame Wave by Vehumet.
 15207 | Lair:2   | Learned a level 4 spell: Iskenderun's Mystic Blast
 16058 | Lair:2   | Found a staircase to the Snake Pit.
 16727 | Lair:2   | Noticed an eight-headed hydra
 16730 | Lair:2   | Killed an eight-headed hydra
 17237 | Lair:3   | Found a staircase to the Swamp.
 18135 | Lair:3   | Reached XP level 14. HP: 106/106 MP: 15/26
 19524 | Lair:4   | Found a runed translucent door.
 19526 | Lair:4   | Noticed an acid blob
 19527 | Lair:4   | Found a staircase to the Slime Pits.
 20654 | Lair:5   | Entered Level 5 of the Lair of Beasts
 20929 | Lair:4   | Reached skill level 10 in Conjurations
 21870 | Lair:5   | Noticed Urug
 21871 | Lair:5   | Offered knowledge of Orb of Destruction by Vehumet.
 21897 | Lair:5   | Killed Urug
 22623 | Lair:4   | Reached XP level 15. HP: 101/114 MP: 9/28
 23491 | Lair:4   | Learned a level 7 spell: Orb of Destruction
 23801 | Lair:5   | Identified the +1 pair of gloves "Deidag" {rC- rN+ Str+3
                  | Dex+2}
 23814 | Lair:5   | Identified the +1 rapier "Ymoillutz" {antimagic, rF+}
 24582 | Orc:1    | Entered Level 1 of the Orcish Mines
 24955 | Orc:1    | Found Ynufe's Weapon Emporium.
 25313 | Orc:2    | Entered Level 2 of the Orcish Mines
 25545 | Orc:2    | Found a staircase to the Elven Halls.
 25625 | Orc:2    | Paralysed by an orc sorcerer for 2 turns
 25629 | Orc:2    | Paralysed by an orc sorcerer for 5 turns
 25635 | Orc:2    | Reached skill level 5 in Earth Magic
 25644 | Orc:2    | Noticed an orc warlord
 25783 | Orc:2    | Killed an orc warlord
 26409 | Orc:2    | Reached skill level 10 in Air Magic
 26565 | Orc:2    | Found Uzast's Magic Scroll Shop.
 26568 | Orc:2    | Reached skill level 10 in Fighting
 26733 | Orc:2    | Found Capug's General Store.
 26734 | Orc:2    | Found Pacoew's Weapon Shoppe.
 26734 | Orc:2    | Found Aklefiox's Antique Weapon Shoppe.
 26870 | Orc:2    | Bought a scroll of identify for 30 gold pieces
 26870 | Orc:2    | Bought a scroll of identify for 30 gold pieces
 26872 | Orc:2    | Bought a scroll of magic mapping for 112 gold pieces
 26882 | Orc:2    | Bought a warped trident for 238 gold pieces
 26882 | Orc:2    | Identified the +9 trident of Gin and Tonic {antimagic,
                  | Str+5} (You bought it in a shop on level 2 of the Orcish
                  | Mines)
 26884 | Orc:2    | Bought a scroll of blinking for 120 gold pieces
 26943 | Orc:1    | Noticed Erica
 27036 | Orc:1    | Killed Erica
 27538 | D:11     | Offered knowledge of Starburst by Vehumet.
 27611 | D:11     | Found a frozen archway.
 27627 | IceCv    | Entered an ice cave
 28086 | IceCv    | Reached XP level 16. HP: 122/122 MP: 22/29
 28202 | IceCv    | Reached skill level 10 in Fire Magic
 28208 | IceCv    | Reached skill level 1 in Staves
 28500 | IceCv    | Noticed a frost giant
 28515 | IceCv    | Killed a frost giant
 28573 | IceCv    | Got Sif Muna's Discourse on Frostbite
 29590 | D:12     | Reached skill level 10 in Spellcasting
 29635 | D:12     | Identified the +0 dagger of the Egg {vamp, rN+ Str+3
                  | Stlth-}
 29707 | D:12     | Found a gate leading to a gauntlet.
 29727 | Gauntlet | Entered a Gauntlet
 29727 | Gauntlet | Found a transporter.
 29727 | Gauntlet | Found a transporter.
 29727 | Gauntlet | Found a transporter.
 29791 | Gauntlet | Found a transporter.
 29805 | Gauntlet | Found a transporter.
 29811 | Gauntlet | Found a transporter.
 29813 | Gauntlet | Found a transporter.
 29828 | Gauntlet | Found a transporter.
 29848 | Gauntlet | Found a transporter.
 29874 | Gauntlet | Found a transporter.
 29933 | Gauntlet | Found a transporter.
 29948 | Gauntlet | Found a transporter.
 30093 | Gauntlet | Identified the amulet of the Distant Future {Faith Harm
                  | rPois rN+ Stlth+}
 30124 | Gauntlet | Identified the +1 helmet of Henotheism {Int+3 Slay+2}
 30171 | Gauntlet | Identified the +8 longbow of Jyfium {elec, MP-9 Str+8}
 30562 | D:12     | Noticed Azrael
 30578 | D:12     | Killed Azrael
 30590 | D:12     | Reached ****** piety under Vehumet
 31030 | D:12     | Offered knowledge of Fireball by Vehumet.
 31636 | D:12     | Learned a level 5 spell: Fireball
 31910 | D:13     | Reached skill level 1 in Shields
 32463 | D:13     | Found a gate to the Vaults.
 33429 | D:14     | Found an iron altar of Okawaru.
 33435 | D:14     | Noticed Louise
 33476 | D:15     | Entered Level 15 of the Dungeon
 33580 | D:15     | Reached skill level 10 in Armour
 33593 | D:15     | Reached skill level 10 in Dodging
 33662 | D:15     | Found a bloodstained altar of Trog.
 33709 | D:15     | Identified a scroll of acquirement
 33963 | D:15     | Reached XP level 17. HP: 86/130 MP: 18/31
 34923 | D:15     | Found a staircase to the Depths.
 35295 | D:15     | Found a runed translucent door.
 35432 | D:15     | Noticed a tengu reaver
 35678 | D:9      | Killed Sleet's ghost
 35977 | D:4      | Bought a transparent spear for 200 gold pieces
 35977 | D:4      | Identified the +3 spear of Exchange {freeze, rElec MP+9
                  | Int-4 Stlth+} (You bought it in a shop on level 4 of the
                  | Dungeon)
 36196 | D:12     | Learned a level 6 spell: Plasma Beam
 36356 | Snake:1  | Entered Level 1 of the Snake Pit
 36871 | Snake:1  | Offered knowledge of Conjure Ball Lightning by Vehumet.
 37934 | Snake:2  | Found a transporter.
 37940 | Snake:2  | Noticed patfeehan111222's ghost (journeyman DsBe)
 38017 | Snake:2  | Found a transporter.
 39888 | Snake:3  | Offered knowledge of Spellforged Servitor by Vehumet.
 41016 | Snake:3  | Found Yryetyew's Jewellery Emporium.
 41021 | Snake:3  | Bought the amulet "Efoteafuck" {Regen+ Int+6} for 793 gold
                  | pieces
 41294 | Snake:4  | Entered Level 4 of the Snake Pit
 41382 | Snake:4  | Noticed Roxanne
 41402 | Snake:4  | Reached skill level 5 in Staves
 41403 | Snake:4  | Reached XP level 18. HP: 138/138 MP: 13/33
 42007 | Snake:4  | Reached skill level 5 in Shields
 42751 | Snake:4  | Found a glowing silver altar of Zin.
 45030 | Snake:3  | Offered knowledge of Maxwell's Capacitive Coupling by
                  | Vehumet.
 45589 | Snake:4  | Got a serpentine rune of Zot
 45739 | Snake:4  | Killed Roxanne
 45964 | Swamp:1  | Entered Level 1 of the Swamp
 46840 | Swamp:2  | Noticed Frances
 47090 | Swamp:2  | Reached XP level 19. HP: 146/146 MP: 23/34
 47974 | Swamp:2  | Killed Frances
 48609 | Swamp:3  | Acquired 1018 gold pieces
 49313 | Swamp:4  | Entered Level 4 of the Swamp
 49466 | Swamp:4  | Offered knowledge of Fire Storm by Vehumet.
 49466 | Swamp:4  | Offered knowledge of Chain Lightning by Vehumet.
 49466 | Swamp:4  | Offered knowledge of Ignition by Vehumet.
 50933 | Swamp:4  | Noticed the 27-headed Lernaean hydra
 51049 | Swamp:4  | Killed the 27-headed Lernaean hydra
 51536 | Swamp:4  | Got a decaying rune of Zot
 52088 | Vaults:1 | Entered Level 1 of the Vaults
 52928 | Vaults:1 | Reached XP level 20. HP: 130/156 MP: 28/36
 53427 | Vaults:1 | Paralysed by a sphinx for 3 turns
 53434 | Vaults:1 | Paralysed by a sphinx for 4 turns
 55244 | Vaults:2 | Found Jeeng's Jewellery Shop.
 55249 | Vaults:2 | Bought the ring "Ystucwoo" {rPois rC+} for 646 gold pieces
 56932 | Vaults:2 | Reached skill level 10 in Earth Magic
 58069 | Vaults:2 | Noticed Zenata
 58082 | Vaults:2 | Killed Zenata
 58083 | Vaults:2 | Reached XP level 21. HP: 69/164 MP: 6/37
 58611 | Vaults:2 | Identified the +1 pair of boots "Sinomorche" {rElec rF+}
 58634 | Vaults:2 | Identified the ring "Deryux" {rC+ Str+6 Int+3 Dex+5}
 58649 | Vaults:2 | Identified the +0 ring mail of Siufonn {Harm Int+3 Dex-3}
 58656 | Vaults:2 | Identified the +3 sling "Muikiagu" {flame, rPois Str+2}
 58669 | Vaults:2 | Got the Guide on Weather
 58694 | Vaults:2 | Learned a level 2 spell: Blink
 58698 | Vaults:2 | Learned a level 3 spell: Swiftness
 60347 | Vaults:3 | Found a staircase to the Crypt.
 60347 | Vaults:3 | Found an ancient bone altar of Kikubaaqudgha.
 60348 | Vaults:3 | Found a basalt altar of Yredelemnul.
 60954 | Vaults:3 | Found Siggakid's Magic Scroll Shop.
 60962 | Vaults:3 | Bought a scroll of acquirement for 936 gold pieces
 61210 | Vaults:4 | Found a crumbling gateway.
 61217 | Vaults:4 | Found a glowing silver altar of Zin.
 61217 | Vaults:4 | Found a glowing golden altar of the Shining One.
 61218 | Vaults:4 | Found a white marble altar of Elyvilon.
 61224 | Desolati | Entered the Desolation of Salt
 62463 | Desolati | Reached XP level 22. HP: 172/172 MP: 14/39
 62486 | Desolati | Reached skill level 5 in Stealth
 62666 | Desolati | Identified the +5 falchion "Diugu" {flame, rF- Int-4 Dex+8
                  | Stlth+}
 62667 | Desolati | Identified the +3 chain mail "Dimy" {+Inv Stlth+}
 63102 | Desolati | Got Novit's Folio of the Bull
 63111 | Desolati | Identified the +9 sling "Jor Jasuzics" {flame, rC+ Str+2}
 63610 | Desolati | Found the +3 Mad Mage's Maulers {Infuse+∞ VampMP -Cast}
 63618 | Desolati | Identified the ring of Grace {Wiz Will+ Dex+6}
 64416 | Vaults:4 | Found Qiacw's Book Shop.
 65303 | Vaults:4 | Reached skill level 15 in Conjurations
 65917 | Elf:1    | Entered Level 1 of the Elven Halls
 66127 | Elf:1    | Noticed Jorgrun
 66130 | Elf:1    | Killed Jorgrun
 66272 | Elf:1    | Noticed Asterion
 66275 | Elf:1    | Killed Asterion
 66371 | Elf:1    | Reached skill level 1 in Ranged Weapons
 66761 | Elf:1    | Found Alatauc's Weapon Shoppe.
 66770 | Elf:1    | Found Idup's General Store.
 66782 | Elf:1    | Got the Vellum of Ashes and Summoning
 67509 | Elf:2    | Reached XP level 23. HP: 180/180 MP: 23/40
 68314 | Elf:2    | Found a runed translucent gate.
 68314 | Elf:2    | Found a runed translucent gate.
 68314 | Elf:2    | Found a runed translucent gate.
 68355 | Elf:2    | Learned a level 8 spell: Ignition
 68390 | Elf:3    | Entered Level 3 of the Elven Halls
 68430 | Elf:3    | Found a runed translucent gate.
 68462 | Elf:3    | Found a runed translucent gate.
 68463 | Elf:3    | Found a runed translucent gate.
 68496 | Elf:3    | Found a runed translucent gate.
 68497 | Elf:3    | Found a runed translucent gate.
 68497 | Elf:3    | Found a runed translucent gate.
 68498 | Elf:3    | Noticed Waeduil's ghost (adept DsBe)
 68509 | Elf:3    | Found a viscous altar of Jiyva.
 68536 | Elf:3    | Identified the +0 pair of gloves "Muojokuh" {-Cast Will+++
                  | Regen+ Str+4}
 68536 | Elf:3    | Noticed Nikola
 68550 | Elf:3    | Killed Nikola
 68771 | Elf:3    | Reached skill level 15 in Fighting
 68914 | Elf:3    | Found a portal to a secret trove of treasure.
 68932 | Elf:3    | You paid a toll of 6 scrolls of fear to enter a treasure
                  | trove
 68933 | Trove    | Entered a treasure trove
 68953 | Trove    | Got the Volume of the Alluring Tundra
 68956 | Trove    | Got the Vademecum on Electricity
 68959 | Trove    | Got Sif Muna's Book of Trauma
 69150 | Elf:3    | Found Wojew's Armour Shop.
 69448 | Elf:3    | Paralysed by an air elemental for 1 turns
 69608 | Elf:3    | Reached skill level 15 in Fire Magic
 69610 | Elf:3    | Reached skill level 15 in Air Magic
 69857 | Elf:3    | Identified the +6 halberd "Lasmego" {drain, Int+3}
 69938 | Elf:3    | Identified the +0 ring mail "Wumuqiof" {rCorr MP+9 Dex+4}
 69965 | Elf:3    | Identified the +5 great sword of Patterns {vamp, rElec
                  | rPois rN+}
 70181 | Elf:3    | Identified the +2 spear of the Lamprey {holy, Will+}
 70189 | Elf:3    | Identified the ring of Koujuqargh {+Blink rF- rN++ rCorr
                  | Int+6}
 70190 | Elf:3    | Identified the +10 spear "Deuzaexzar" {flame, rF++ rN+
                  | Dex-4 Stlth+}
 70345 | Elf:3    | Identified the staff of death "Gytuwk" {Fragile rN+ rCorr
                  | Str+2 SInv}
 70363 | Elf:3    | Identified the +8 hand axe "Transmigrator" {holy, rN+ Will+
                  | rCorr}
 70402 | Elf:3    | Identified the staff of poison "Urequt" {rPois Str+3}
 70879 | Snake:2  | Killed patfeehan111222's ghost
 70882 | Snake:2  | Identified the ring of Veafoedi {rF+ rC- Int+5 SInv}
 70884 | Snake:2  | Identified the ring of Sibre {Wiz rElec rF- Int+3 Dex+2}
 71980 | D:10     | Killed Juicyj's ghost
 72169 | Lair:1   | Killed spedboy43's ghost
 72325 | Slime:1  | Entered Level 1 of the Pits of Slime
 72664 | Elf:2    | Reached skill level 5 in Ranged Weapons
 73864 | Elf:3    | Reached XP level 24. HP: 107/189 MP: 29/41
 73994 | Elf:3    | Killed Waeduil's ghost
 74212 | Elf:3    | Upgraded the game from 0.30-a0-1160-g6e42c06551 to
                  | 0.30-a0-1161-g0704695555
 74557 | Crypt:1  | Entered Level 1 of the Crypt
 75683 | Crypt:1  | Noticed Aizul
 75685 | Crypt:1  | Killed Aizul
 78553 | Crypt:2  | Reached skill level 15 in Spellcasting
 78832 | Crypt:2  | Identified the +0 arbalest "Saokappo" {freeze, rElec rC+}
 78921 | Crypt:2  | Got the Dissertation on Translocated Misery
 79018 | Crypt:3  | Entered Level 3 of the Crypt
 79248 | Crypt:3  | Identified the +5 trident "Xoruah" {freeze, rPois Dex+6
                  | Stlth-}
 79715 | Crypt:3  | Reached skill level 1 in Necromancy
 79803 | Crypt:3  | Reached skill level 15 in Dodging
 79997 | Crypt:3  | Noticed a royal mummy
 80006 | Crypt:3  | Killed a royal mummy
 80354 | Crypt:3  | Found a staircase to the Tomb.
 80584 | Crypt:3  | Reached XP level 25. HP: 197/197 MP: 31/42
 80906 | Crypt:3  | Identified the +4 shortbow of False Accusations {elec, rF+
                  | Int+4}
 80906 | Crypt:3  | Identified the +8 hand axe of the Pyrrhic Victory {heavy,
                  | rN+}
 82308 | Crypt:3  | Got Sif Muna's Precepts of the Winter and Leadership
 82340 | Crypt:3  | Got the Grimoire of Debased Deeds
 82341 | Crypt:3  | Identified the staff of death "Etyops" {rElec rF- rN+ Str+4
                  | Int+4}
 82417 | Tomb:1   | Entered Level 1 of the Tomb of the Ancients
 82578 | Tomb:1   | Paralysed by a sphinx for 3 turns
 83215 | Tomb:1   | Noticed Mennas
 83265 | Tomb:1   | Killed Mennas
 83641 | Tomb:1   | Noticed a royal mummy
 84328 | Tomb:1   | Identified the +6 quarterstaff of the Many Portals {flame,
                  | *Corrode rElec rPois Int+7}
 84399 | Tomb:1   | Killed a royal mummy
 84922 | Depths:1 | Entered Level 1 of the Depths
 84938 | Depths:1 | Reached skill level 1 in Polearms
 85443 | Depths:1 | Found a one-way gateway to a ziggurat.
 85468 | Depths:1 | Found a transporter.
 85474 | Depths:1 | Found a transporter.
 85491 | Depths:1 | Found a transporter.
 85492 | Depths:1 | Found a transporter.
 85555 | Depths:1 | Found a gateway to Hell.
 85752 | Depths:1 | Found a transporter.
 85756 | Depths:1 | Found a transporter.
 85852 | Depths:1 | Found a stormy altar of Qazlal.
 86993 | Depths:2 | Found a shimmering altar of Xom.
 87026 | Depths:2 | Identified the +4 short sword of the Median {elec, rElec
                  | rPois Str+3 Int-4}
 87065 | Depths:2 | Found a hide-covered altar of Uskayaw.
 87090 | Depths:2 | Reached XP level 26. HP: 112/206 MP: 5/42
 87349 | Depths:2 | Learned a level 6 spell: Iron Shot
 88127 | Depths:2 | Found a shadowy altar of Dithmenos.
 88601 | Depths:2 | Reached skill level 5 in Necromancy
 88704 | Depths:2 | Found a stormy altar of Qazlal.
 88845 | Depths:2 | Found a one-way gate leading to the halls of Pandemonium.
 90213 | Depths:2 | Identified the +7 battleaxe of Qoje {heavy, rElec}
 90741 | Depths:3 | Reached skill level 10 in Shields
 91511 | Depths:3 | Reached skill level 5 in Evocations
 91611 | Depths:3 | Reached skill level 5 in Polearms
 91918 | Depths:3 | Found a one-way gate to the infinite horrors of the Abyss.
 92682 | Depths:4 | Entered Level 4 of the Depths
 92746 | Depths:4 | Reached XP level 27. HP: 133/214 MP: 27/42
 93029 | Depths:4 | Noticed Vv
 94405 | Orc:2    | Bought a scroll of enchant weapon for 112 gold pieces
 95372 | Depths:4 | Found a broken altar of Ashenzari.
 95661 | Depths:4 | Found a gate to the Realm of Zot.
 95948 | Depths:4 | Identified the +0 demon whip "Ogreslayer" {freeze, Fragile
                  | Fly rPois Str-2}
 96491 | Vaults:5 | Entered Level 5 of the Vaults
 96507 | Vaults:5 | Noticed Jory
 96513 | Vaults:5 | Killed Jory
 96514 | Vaults:5 | Noticed a dread lich
 96559 | Vaults:5 | Killed a dread lich
 97781 | Vaults:5 | Got a silver rune of Zot
 98391 | Vaults:5 | Found Ohaobeci's Distillery.
 98395 | Vaults:5 | Bought a potion of experience for 650 gold pieces
 98396 | Vaults:5 | Bought a potion of heal wounds for 65 gold pieces
 98675 | Vaults:5 | Found Pavecwun's Jewellery Shop.
 98675 | Vaults:5 | Found Umenlicvyere's Distillery.
 98683 | Vaults:5 | Bought a potion of heal wounds for 75 gold pieces
 98691 | Vaults:5 | Found Olul's Jewellery Shoppe.
 98740 | Vaults:5 | Found the crystal ball of Wucad Mu {*channel}
 98897 | Vaults:5 | Noticed a dread lich
 98910 | Vaults:5 | Killed a dread lich
 99326 | Vaults:5 | Identified the +0 scimitar of Moderation {holy, Will+}
 99456 | Vaults:5 | Identified the +2 plate armour "Eblopiame" {Harm rElec
                  | Str-2 Dex+2}
100015 | Zot:1    | Entered Level 1 of the Realm of Zot
103035 | Zot:2    | Noticed an orb of fire
104730 | Zot:4    | Found a transporter.
104860 | Zot:4    | Found a transporter.
104860 | Zot:4    | Found the +0 mask of the Dragon {Will+ Slay+3 SInv}
105834 | Zot:5    | Entered Level 5 of the Realm of Zot
105845 | Zot:5    | Reached skill level 10 in Polearms
106852 | Zot:5    | Noticed an orb of fire
106853 | Zot:5    | Noticed an orb of fire
106854 | Zot:5    | Gained mutation: Potions are less effective at restoring
                  | your health. [an orb of fire]
106854 | Zot:5    | Gained mutation: Your body sometimes deteriorates upon
                  | taking damage. [an orb of fire]
107386 | Orc:2    | Bought a potion of mutation for 128 gold pieces
107386 | Orc:2    | Bought a potion of ambrosia for 128 gold pieces
109306 | Slime:1  | Lost mutation: Potions are less effective at restoring your
                  | health. [potion of mutation]
109306 | Slime:1  | Lost mutation: Your body sometimes deteriorates upon taking
                  | damage. [potion of mutation]
109306 | Slime:1  | Gained mutation: Your flesh is heat resistant. (rF+)
                  | [potion of mutation]
109306 | Slime:1  | Gained mutation: Potions are less effective at restoring
                  | your health. [potion of mutation]
109306 | Slime:1  | Gained mutation: You are frail. (-10% HP) [potion of
                  | mutation]
109306 | Slime:1  | Gained mutation: You have a pair of small horns on your
                  | head. [potion of mutation]
109307 | Slime:1  | Lost mutation: You are frail. (-10% HP) [potion of
                  | mutation]
109307 | Slime:1  | Lost mutation: You have a pair of small horns on your head.
                  | [potion of mutation]
109307 | Slime:1  | Gained mutation: Your mind is acute. (Int +4, Str/Dex -1)
                  | [potion of mutation]
109307 | Slime:1  | Gained mutation: You are strong-willed. (Will+) [potion of
                  | mutation]
109307 | Slime:1  | Gained mutation: You are covered in fur. (AC +1) [potion of
                  | mutation]
109307 | Slime:1  | Gained mutation: You expend magic power (3 MP) to
                  | strengthen your wands. [potion of mutation]
109754 | Slime:1  | Learned a level 5 spell: Borgnjor's Vile Clutch
111474 | Slime:5  | Entered Level 5 of the Pits of Slime
111606 | Slime:5  | Noticed the Royal Jelly
111938 | Slime:5  | Killed the Royal Jelly
112223 | Slime:5  | Gained mutation: Armour fits poorly on your strangely
                  | shaped body. [a shining eye]
112288 | Slime:5  | Got a slimy rune of Zot
112316 | Slime:5  | Identified the +0 pair of gloves "Qukeq" {Rampage rPois
                  | Regen+ Str-2}
112329 | Slime:5  | Identified the staff of poison "Rujoam" {rPois Dex+4}
112361 | Slime:5  | Identified the staff of cold "Dufirr" {rF+++ rC+ Str+5
                  | Dex-2}
112388 | Slime:5  | Identified the ring "Diacit" {Ice Fly}
112389 | Slime:5  | Identified the staff of air "Miro" {rElec rPois rF+}
113210 | Zot:5    | Noticed a dread lich
113211 | Zot:5    | Noticed an orb of fire
113211 | Zot:5    | Gained mutation: Your body sometimes deteriorates upon
                  | taking damage. [an orb of fire]
113213 | Zot:5    | Killed an orb of fire
113222 | Zot:5    | Gained mutation: You are vulnerable to cold. (rC-) [an orb
                  | of fire]
113222 | Zot:5    | Gained mutation: Your magical capacity is low. (-10% MP)
                  | [an orb of fire]
113223 | Zot:5    | Killed an orb of fire
113278 | Zot:5    | Noticed a dread lich
113279 | Zot:5    | Killed a dread lich
113429 | Zot:5    | Noticed an orb of fire
113432 | Zot:5    | Gained mutation: You occasionally shout uncontrollably at
                  | your foes. [an orb of fire]
113435 | Zot:5    | Killed an orb of fire
113436 | Zot:5    | Noticed an ancient lich
113439 | Zot:5    | Noticed a Killer Klown
113618 | Zot:5    | Killed a dread lich
113643 | Zot:5    | Noticed a Killer Klown
113646 | Zot:5    | Noticed a Killer Klown
113653 | Zot:5    | Killed a Killer Klown
113786 | Zot:4    | Killed an orb of fire
113949 | Zot:4    | Killed a Killer Klown
114187 | Zot:4    | Lost mutation: Your flesh is heat resistant. (rF+) [potion
                  | of mutation]
114187 | Zot:4    | Lost mutation: You are strong-willed. (Will+) [potion of
                  | mutation]
114187 | Zot:4    | Lost mutation: Your mind is acute. (Int +4, Str/Dex -1)
                  | [potion of mutation]
114187 | Zot:4    | Gained mutation: You have hidden genetic defects. [potion
                  | of mutation]
114188 | Zot:4    | Lost mutation: Armour fits poorly on your strangely shaped
                  | body. [potion of mutation]
114188 | Zot:4    | Lost mutation: You expend magic power (3 MP) to strengthen
                  | your wands. [potion of mutation]
114188 | Zot:4    | Lost mutation: You are vulnerable to cold. (rC-) [potion of
                  | mutation]
114188 | Zot:4    | Gained mutation: You sometimes lose your temper in combat.
                  | [potion of mutation]
114188 | Zot:4    | Lost mutation: You have hidden genetic defects. [potion of
                  | mutation]
114189 | Zot:4    | Lost mutation: You are covered in fur. (AC +1) [potion of
                  | mutation]
114189 | Zot:4    | Lost mutation: You occasionally shout uncontrollably at
                  | your foes. [potion of mutation]
114189 | Zot:4    | Gained mutation: You are clumsy. (Dex -2) [potion of
                  | mutation]
114190 | Zot:4    | Lost mutation: You sometimes lose your temper in combat.
                  | [potion of mutation]
114190 | Zot:4    | Lost mutation: You are clumsy. (Dex -2) [potion of
                  | mutation]
114190 | Zot:4    | Lost mutation: Your magical capacity is low. (-10% MP)
                  | [potion of mutation]
114190 | Zot:4    | Gained mutation: You possess an exceptional clarity of
                  | mind. [potion of mutation]
114230 | Zot:5    | Killed a Killer Klown
114464 | Zot:5    | Noticed an orb of fire
114467 | Zot:5    | Gained mutation: Your body often deteriorates upon taking
                  | damage. [an orb of fire]
114469 | Zot:5    | Killed an orb of fire
114718 | Zot:5    | Noticed a Killer Klown
114757 | Zot:5    | Killed a Killer Klown
114837 | Zot:5    | Noticed an orb of fire
114943 | Zot:5    | Killed an ancient lich
115371 | Zot:5    | Gained mutation: Armour fits poorly on your strangely
                  | shaped body. [an orb of fire]
115372 | Zot:5    | Gained mutation: You occasionally lose the ability to drink
                  | potions when taking damage. [an orb of fire]
115373 | Zot:5    | Killed an orb of fire
115374 | Zot:5    | Lost mutation: Your body often deteriorates upon taking
                  | damage. [potion of mutation]
115374 | Zot:5    | Lost mutation: Potions are less effective at restoring your
                  | health. [potion of mutation]
115374 | Zot:5    | Gained mutation: Your flesh is cold resistant. (rC+)
                  | [potion of mutation]
115374 | Zot:5    | Gained mutation: You have an increased reservoir of magic.
                  | (+10% MP) [potion of mutation]
115375 | Zot:5    | Lost mutation: You occasionally lose the ability to drink
                  | potions when taking damage. [potion of mutation]
115375 | Zot:5    | Lost mutation: Your body sometimes deteriorates upon taking
                  | damage. [potion of mutation]
115375 | Zot:5    | Gained mutation: Your mind is acute. (Int +4, Str/Dex -1)
                  | [potion of mutation]
116291 | Zot:5    | Identified the +1 leather armour of the Shining Light
                  | {Will+}
117252 | Zot:5    | Got the Orb of Zot
117912 | D:$      | Escaped with the Orb!

Illustrated notes

Levels and vault maps discovered:
D:1:      zelgadis_glass_arrival_small, layout_basic, serial_shops, shop
D:2:      layout_basic, serial_shops, shop, basic_altar,
          shapermc_ecumenical_altar_starsandcircs
D:3:      layout_basic, minmay_misc_feat_columns, grunt_ministairs_5,
          mrwooster_statue_mirror, serial_bayou_lagoon_a
D:4:      layout_cave_pods, serial_shops, nicolae_shop_real_fake_doors,
          portal_sewer_entry_a
D:5:      layout_loops_ring, gammafunk_temple_overflow_forgotten,
          minmay_temple_entry_butterflies, minmay_crystal_room
D:6:      layout_cave_pools, chequers_serial_rivers_room_a,
          kennysheep_generic_room_9
D:7:      hellmonk_ruined_rings, layout_rooms
D:8:      layout_rooms, erik_lair_island
D:9:      layout_roguey, biasface_ghost_orc_armoury, roderic_lattice_a
D:10:     layout_roguey, minmay_overflow_temple_star_hex, orc_0_dummy,
          ebering_ghost_gozag, nicolae_concentric_dashed_squares_wild,
          minivault_27
D:11:     layout_long_grid, portal_ice_cave_entry_pillars_2
D:12:     layout_basic, gauntlet_entry_generic, nooodl_orcs_dogs, uniq_azrael
D:13:     layout_loops_ring, david_vaults_4
D:14:     layout_rooms, okawaru_gym_becter, uniq_louise
D:15:     gammafunk_enter_depths_forms, layout_stronghold, bloody_trog,
          lightli_airlock
Lair:1:   layout_gridlike, gammafunk_ghost_split, pdpol_lair_neglected_garden,
          beast_lair_carwin_6
Lair:2:   layout_misc_corridors, guppyfry_snake_entry_island, st_stairs_8,
          grunt_forest_large_clearing_hut
Lair:3:   layout_roguey, skrybe_swamp_entry_bodies, infiniplex_staircase_pool
Lair:4:   layout_layer_cave, slime_entry_2, minivault_11, grunt_megastairs_3,
          serial_bayou_shore_b
Lair:5:   gammafunk_lair_ancient_temple, layout_loops_ring,
          dreamdust_mushroom_princess, st_stairs_9, wad_woods_road_04, uniq_urug
Swamp:1:  layout_basic_swamp, evilmike_swamp_ruin_house_5
Swamp:2:  layout_basic_swamp, serial_swamp_ruin, hangedman_swamp_ruin_hall,
          evilmike_swamp_ruin_house_4, evilmike_swamp_ruin_house_6, uniq_frances
Swamp:3:  layout_basic_swamp, evilmike_swamp_ruin_house_3, roderic_carrion_pond
Swamp:4:  swamp_old_school, layout_basic_swamp, swamp_pool2
Snake:1:  layout_rooms, lemuel_fruit_tree
Snake:2:  layout_basic, gammafunk_ghost_berserking_beasts,
          hangedman_snake_pattern
Snake:3:  layout_cave_pods, serial_shops, shop, grunt_megastairs_5
Snake:4:  minmay_snake_end_coiled, layout_cave_town, basic_altar, uniq_roxanne
Slime:1:  layout_caves
Slime:2:  cheibrodos_slime_lost_civilization_2, layout_caves
Slime:3:  layout_caves
Slime:4:  layout_caves
Slime:5
Orc:1:    layout_caves, serial_shops, shop, nicolae_orc_sculptors_studio,
          uniq_erica
Orc:2:    st_orc_elflike, layout_caves
Elf:1:    nicolae_elf_arrival_fired_up, layout_geoelf_diagonals, minivault_28,
          minmay_shoptagon, uniq_jorgrun, uniq_asterion
Elf:2:    elven_hall_of_blades_hangedman_original [grunt_blade_entry_basic],
          layout_geoelf_grid
Elf:3:    minmay_elf_hall_not_hex, layout_gridlike, gammafunk_ghost_ooze,
          enter_trove_0, serial_shops, nicolae_shop_waterfront,
          nicolae_gammafunk_elf_defective_weapons_storage, uniq_nikola
Vaults:1: v_misc_8, nicolae_vaults_lightning_bolt,
          nicolae_vaults_little_guard_posts, nicolae_vaults_mini_display_case,
          vaults_room_large_hall, v_misc_27, nicolae_vaults_network_quinsquares
          [nicolae_vaults_network_quincunx_subvault,
          nicolae_vaults_network_quincunx_subvault,
          nicolae_vaults_network_quincunx_subvault,
          nicolae_vaults_network_quincunx_subvault],
          nicolae_vaults_closet_pinwheel_6, vaults_dpeg_encased_lava,
          layout_vaults_omnicross
Vaults:2: hangedman_vaults_slither, vaults_room_fancy_cross,
          nicolae_vaults_museum, nicolae_vaults_wine_cellar, v_misc_24,
          layout_vaults_omnigrid, serial_shops, shop, uniq_zenata
Vaults:3: nicolae_vaults_offset_grid_hallway_2, v_misc_23, v_pattern_2,
          vaults_standard_mumra_x, vaults_mumra_chevron,
          hangedman_vaults_stream, minmay_crypt_entry_necro_gods,
          nicolae_vaults_oval_intersection, ontoclasm_vaults_tryst,
          nicolae_vaults_network_barrier, grunt_vaults_focal,
          nicolae_vaults_closet_pinwheel_1, nicolae_vaults_prndl,
          layout_vaults_omnibox, serial_shops, nicolae_shop_getting_attention
Vaults:4: portal_desolation_entry_holy_temple, vaults_room_door_ring,
          vaults_dpeg_ring, nicolae_vaults_spaceships,
          nicolae_vaults_turnstiles, vaults_room_octagon,
          nicolae_vaults_apartment_2, nicolae_vaults_network_s,
          nicolae_vaults_closet_pinwheel_3, vaults_room_door_ring,
          nicolae_vaults_surprise_closet, ontoclasm_vaults_decontamination,
          serial_ice_h, layout_vaults_maze_snakey, serial_shops,
          nicolae_shop_pleasant_corner_grove
Vaults:5: serial_shops, uniq_jory
Crypt:1:  layout_misc_corridors, grunt_megastairs_1, uniq_aizul
Crypt:2:  minmay_skeleton_keep, layout_misc_corridors,
          roderic_lattice_octagonal_star
Crypt:3:  due_elkab, layout_chaotic_city, skrybe_necro_troll_2
Tomb:1:   uniq_mennas
Depths:1: layout_cave_pools, enter_ziggurat_f, nicolae_qazlal_scattered_showers,
          grunt_mini_vestibule, serial_nicolae_subway,
          nicolae_sub_station_stone, nicolae_sub_station_crystal,
          nicolae_sub_station_metal
Depths:2: grunt_profane_halls [grunt_profane_temple_coc,
          grunt_profane_temple_geh, grunt_profane_temple_dis,
          grunt_profane_temple_tar, grunt_profane_loot], hell_entry, pan_entry
Depths:3: nzn_winding_woodlands_small [nzn_winding_woodlands_5x15_eye,
          nzn_winding_woodlands_center_lodge,
          nzn_winding_woodlands_5x15_zeroes], layout_gridlike,
          chequers_serial_rivers_micro_a, hangedman_abyss_entry_splay,
          hell_entry
Depths:4: grunt_zot_entry_pinwheel, layout_basic, abyss_entry,
          evilmike_ruin_ashenzari, hellmouth_1, uniq_vv
Zot:1:    layout_cathedral_of_symmetry, grunt_ministairs_4
Zot:2:    layout_gridlike, nrook_zot_tub
Zot:3:    layout_basic
Zot:4:    layout_gridlike, chequers_guarded_unrand_mask_of_the_dragon,
          grunt_megastairs_2
Zot:5:    layout_misc_corridors

Skill      XL: |  1  2  3  4  5  6  7  8  9 10 11 12 13 14 15 16 17 18 19 20 21 22 23 24 25 26 27 |
---------------+----------------------------------------------------------------------------------+-----
Fighting       | 1 2 5 6 7 8 9 10 11 12 13 14 15 16 17 19 | 19.6
Armour         | 1 2 5 6 7 8 9 10 | 10.0
Air Magic      | 1 2 4 5 6 7 8 9 10 11 12 13 14 15 16 19 | 19.0
Translocations | 1 2 4 5 |  5.0
Evocations     | 1 2 3 5 8 |  8.0
Throwing       | 1 2 3 |  3.0
Dodging        | 3 5 6 7 8 9 10 11 12 13 14 15 16 | 16.1
Stealth        | 3 4 6 7 |  7.0
Fire Magic     | 1 4 5 6 7 8 9 10 11 12 13 14 15 16 19 | 19.0
Spellcasting   | 3 5 6 7 8 9 10 11 12 13 14 15 18 | 18.3
Conjurations   | 6 7 8 9 10 11 12 13 14 15 16 17 19 | 19.9
Short Blades   | 1 3 4 |  4.0
Earth Magic    | 3 4 5 6 8 9 10 11 | 11.3
Staves         | 3 5 6 7 8 9 |  9.4
Shields        | 2 4 6 8 9 10 12 | 12.0
Ranged Weapons | 2 5 6 7 9 |  9.0
Necromancy     | 1 4 5 7 |  7.5
Polearms       | 3 5 11 | 11.7

Action                     |  1- 3 |  4- 6 |  7- 9 | 10-12 | 13-15 | 16-18 | 19-21 | 22-24 | 25-27 || total
---------------------------+-------+-------+-------+-------+-------+-------+-------+-------+-------++-------
  Melee: Short sword       |       |    19 |    10 |       |       |       |       |       |       ||    29
         Dagger            |       |       |       |    32 |    35 |       |       |       |       ||    67
         Punch             |       |       |       |       |     1 |       |       |       |       ||     1
         Staff             |       |       |       |       |       |    42 |     3 |    67 |    21 ||   133
         Trishula          |       |       |       |       |       |       |       |       |    78 ||    78
         Unarmed           |       |       |       |       |       |       |       |       |     2 ||     2
  Throw: Dart              |       |       |    10 |    19 |    11 |     5 |     8 |     2 |     5 ||    60
         Throwing net      |       |       |       |       |     1 |       |       |       |       ||     1
   Cast: Magic Dart        |    58 |   103 |    63 |    85 |   147 |    96 |    92 |     6 |    47 ||   697
         Searing Ray       |     1 |    12 |    39 |   111 |    31 |     7 |       |       |       ||   201
         Foxfire           |       |       |       |    20 |       |       |       |       |       ||    20
         Arcjolt           |       |       |       |     1 |    29 |    24 |    34 |    13 |     9 ||   110
         Stone Arrow       |       |       |       |       |   587 |   647 |   410 |   104 |    13 ||  1761
         Iskenderun's Myst |       |       |       |       |     1 |     5 |     6 |    18 |    21 ||    51
         Vhi's Electric Ch |       |       |       |       |     1 |       |       |       |       ||     1
         Orb of Destructio |       |       |       |       |     6 |    76 |    85 |    70 |   305 ||   542
         Lee's Rapid Decon |       |       |       |       |     4 |     8 |       |    36 |     7 ||    55
         Fireball          |       |       |       |       |       |    11 |    16 |    12 |    36 ||    75
         Plasma Beam       |       |       |       |       |       |    68 |   233 |   445 |   345 ||  1091
         Blink             |       |       |       |       |       |       |       |     4 |       ||     4
         Iron Shot         |       |       |       |       |       |       |       |       |   741 ||   741
         Ignition          |       |       |       |       |       |       |       |       |    60 ||    60
  Evoke: Wand              |       |       |     1 |       |    11 |    24 |    25 |    10 |    23 ||    94
         Tin of tremorston |       |       |       |       |     2 |     2 |       |     4 |     2 ||    10
         Lightning rod     |       |       |       |       |       |       |       |     2 |     3 ||     5
         Phantom mirror    |       |       |       |       |       |       |       |       |     1 ||     1
    Use: Scroll            |     1 |    11 |     3 |     2 |    11 |    15 |     5 |    18 |    28 ||    94
         Potion            |       |       |     1 |     1 |     1 |     9 |     4 |     9 |    33 ||    58
   Stab: Sleeping          |       |     1 |       |       |       |       |       |       |       ||     1
 Armour: Robe              |     1 |     4 |    16 |    60 |    72 |     3 |    13 |    25 |       ||   194
         Leather armour    |       |       |       |       |       |   117 |    71 |    70 |   154 ||   412
  Dodge: Dodged            |     7 |    12 |    20 |   189 |   274 |   349 |   194 |   298 |   366 ||  1709
  Block: Buckler           |       |       |       |       |       |   131 |   122 |    70 |       ||   323
         Reflection        |       |       |       |       |       |    24 |    15 |    14 |    37 ||    90
         Kite shield       |       |       |       |       |       |       |       |   129 |   210 ||   339
         Orb               |       |       |       |       |       |       |       |       |    25 ||    25

Table legend: (Time is in decaauts)
 A = Elapsed time spent in this place.
 B = Non-inter-level travel time spent in this place.
 C = Inter-level travel time spent in this place.
 D = Time resting spent in this place.
 E = Time spent auto-exploring this place.
 F = Levels seen in this place.
 G = Mean time per level.
                   A        B        C        D        E       F      G
               +--------+--------+--------+--------+--------+-----+--------+
         Total | 118830 | 105991 |  12839 |  35005 |  52329 |  61 | 1948.0 |
       Dungeon |  23791 |  19492 |   4299 |   3686 |  12590 |  15 | 1586.1 |
          Lair |  12863 |  11527 |   1336 |   3633 |   6143 |   5 | 2572.6 |
         Swamp |   6344 |   6078 |    266 |   2126 |   3054 |   4 | 1586.0 |
     Snake Pit |   9600 |   8991 |    609 |   3592 |   3884 |   4 | 2400.0 |
    Slime Pits |   3669 |   3420 |    249 |    818 |   1936 |   5 |  733.8 |
  Orcish Mines |   3241 |   2431 |    810 |    905 |   1084 |   2 | 1620.5 |
   Elven Halls |   6892 |   5954 |    938 |   2150 |   2714 |   3 | 2297.3 |
        Vaults |  16078 |  14113 |   1965 |   4364 |   7344 |   5 | 3215.6 |
         Crypt |   7557 |   7248 |    309 |   2512 |   3539 |   3 | 2519.0 |
          Tomb |   2195 |   1953 |    242 |    825 |    627 |   1 | 2195.0 |
        Depths |  10220 |   9027 |   1193 |   3758 |   3715 |   4 | 2555.0 |
           Zot |  11262 |  10643 |    619 |   4487 |   4204 |   5 | 2252.4 |
         Trove |     91 |     91 |      0 |      0 |     50 |   1 |   91.0 |
         Sewer |    712 |    712 |      0 |    204 |    405 |   1 |  712.0 |
      Ice Cave |   1063 |   1063 |      0 |    395 |    340 |   1 | 1063.0 |
    Desolation |   2592 |   2592 |      0 |   1369 |    422 |   1 | 2592.0 |
      Gauntlet |    652 |    652 |      0 |    179 |    275 |   1 |  652.0 |
               +--------+--------+--------+--------+--------+-----+--------+

Top non-repeatable levels by time:
Vaults:2: 4643 daAuts
Depths:2: 3986 daAuts
 Snake:3: 3740 daAuts
   Zot:5: 3697 daAuts
 Snake:4: 3350 daAuts
Vaults:3: 3281 daAuts
 Crypt:3: 3236 daAuts
Vaults:5: 3006 daAuts
   Zot:4: 2955 daAuts
  Lair:5: 2949 daAuts
Vaults:1: 2941 daAuts
    D:15: 2903 daAuts
 Crypt:2: 2891 daAuts
Depths:3: 2700 daAuts
  Lair:4: 2690 daAuts
